 Dungeon Crawl Stone Soup version 0.30-a0-142-g7370640ec8 (webtiles) character file.

Game seed: 17826340461786440430

28 Decritt the Grasshopper (level 3, 31/31 HPs)
             Began as a Gnoll Warper on Sept 26, 2022.
             Quit the game on level 2 of the Dungeon.
             The game lasted 00:03:22 (1596 turns).

Decritt the Grasshopper (Gnoll Warper)              Turns: 1596, Time: 00:03:22

Health: 31/31      AC: 10    Str: 12    XL:     3   Next: 14%
Magic:  9/9        EV:  9    Int: 12    God:
Gold:   98         SH:  0    Dex: 11    Spells: 12/12 levels left

rFire   + + .      SeeInvis .    n - +0 sling
rCold   . . .      Faith    .    (no shield)
rNeg    . . .      Spirit   .    k - +0 fire dragon scales
rPois   .          Reflect  .    d - +0 hat
rElec   .          Harm     .    (no cloak)
rCorr   .          Rampage  .    (no gloves)
Will    .....                    q - +0 pair of boots
Stlth   ..........               (no amulet)
HPRegen 0.10/turn                e - ring of protection from cold
MPRegen 0.11/turn                (no ring)

@: no status effects
A: fangs 1, strong nose, distributed training
a: no special abilities


You were on level 2 of the Dungeon.
You visited 1 branch of the dungeon, and saw 2 of its levels.

You collected 98 gold pieces.

Inventory:

Hand Weapons
 a - a +0 spear
 n - a +0 sling (weapon)
Missiles
 j - 5 javelins
Armour
 b - a +0 leather armour
 d - a +0 hat (worn)
 h - a +0 scale mail
 k - +0 fire dragon scales (worn)
 q - a +0 pair of boots (worn)
Jewellery
 e - a ring of protection from cold (left hand)
Scrolls
 c - 2 scrolls of blinking
 g - a scroll of fog {unknown}
 l - a scroll of identify {unknown}
 o - a scroll of noise {unknown}
Potions
 f - a potion of cancellation {unknown}
 i - 3 potions of haste {unknown}
 m - a potion of brilliance {unknown}
 p - 2 potions of curing {unknown}


   Skills:
 + Level 4.5 Fighting
 + Level 0.7 Short Blades
 + Level 0.7 Long Blades
 + Level 0.7 Axes
 + Level 0.7 Maces & Flails
 + Level 4.5 Polearms
 + Level 0.7 Staves
 + Level 0.7 Ranged Weapons
 + Level 2.6 Throwing
 + Level 2.6 Armour
 + Level 4.5 Dodging
 + Level 0.7 Stealth
 + Level 0.7 Shields
 + Level 0.7 Unarmed Combat
 + Level 5.0 Spellcasting
 + Level 0.5 Conjurations
 + Level 0.5 Hexes
 + Level 0.5 Summonings
 + Level 0.5 Necromancy
 + Level 5.4 Translocations
 + Level 0.5 Transmutations
 + Level 0.5 Fire Magic
 + Level 0.5 Ice Magic
 + Level 0.5 Air Magic
 + Level 0.5 Earth Magic
 + Level 0.5 Poison Magic
 + Level 0.9 Invocations
 + Level 0.7 Evocations


You had 12 spell levels left.
You didn't know any spells.
Your spell library contained the following spells:

 Spells                   Type           Power      Damage    Failure   Level
 Blink                    Tloc           32%        N/A       22%         2
 Gell's Gravitas          Tloc           16%        N/A       41%         3
 Lesser Beckoning         Tloc           16%        N/A       41%         3
 Teleport Other           Tloc           16%        N/A       41%         3
 Manifold Assault         Tloc           16%        N/A       83%         4


Dungeon Overview and Level Annotations

Branches:
Dungeon (2/15)

Altars:


Innate Abilities, Weirdness & Mutations

You have very sharp teeth.
Your uncanny sense of smell can sniff out nearby items.
Your experience applies equally to all skills.


Message History

There is a stone staircase leading down here.
Found a stone staircase leading down.
There is a stone staircase leading down here.
You now have 98 gold pieces (gained 11).
A frilled lizard comes into view.
The frilled lizard hisses angrily.
You shoot a sling bullet.
The sling bullet barely misses the frilled lizard.
The frilled lizard bites you but does no damage.
You shoot a sling bullet.
The sling bullet completely misses the frilled lizard.
The frilled lizard closely misses you.
You shoot a sling bullet.
The sling bullet barely misses the frilled lizard.
The frilled lizard bites you. The frilled lizard barely misses you.
You shoot a sling bullet.
The sling bullet hits the frilled lizard.
You kill the frilled lizard!
No target in view!
You see here a frilled lizard corpse.
A ball python comes into view.
You shoot a sling bullet. The ball python hisses angrily.
The sling bullet hits the ball python.
The ball python is moderately wounded.
You shoot a sling bullet.
The sling bullet barely misses the ball python.
You shoot a sling bullet.
The sling bullet hits the ball python but does no damage.
The ball python is moderately wounded.
The ball python closely misses you. The ball python grabs you.
The ball python constricts you.
You shoot a sling bullet.
The sling bullet barely misses the ball python.
The ball python barely misses you. The ball python constricts you.
The ball python bites you but does no damage.
The ball python constricts you.
You shoot a sling bullet. The sling bullet hits the ball python.
You kill the ball python!
Are you sure you want to abandon this character and quit the game? (Confirm with "yes".)

#..######
#.......#
#.# #@# ∆
#.# #.#
#.# #.#
#.# #.#
######.#
#......#


There were no monsters in sight!

Vanquished Creatures
  A dart slug (D:1)
  A worm (D:2)
  2 endoplasms (D:1)
  2 goblins
  4 jackals (D:1)
  4 kobolds
  2 quokkas
  A ball python (D:2)
  2 frilled lizards (D:2)
  4 rats
23 creatures vanquished.

Vanquished Creatures (others)
  A withered plant (D:2)
1 creature vanquished.

Grand Total: 24 creatures vanquished

Notes
Turn   | Place    | Note
-------+----------+-------------------------------------------
     0 | D:1      | Decritt the Gnoll Warper began the quest for the Orb.
     0 | D:1      | Reached XP level 1. HP: 20/20 MP: 6/6
   199 | D:1      | Reached XP level 2. HP: 15/26 MP: 7/7
  1196 | D:2      | Found a faded altar of an unknown god.
  1312 | D:2      | Reached skill level 5 in Spellcasting
  1312 | D:2      | Reached XP level 3. HP: 30/31 MP: 7/9
  1596 | D:2      | Quit the game

Illustrated notes

Levels and vault maps discovered:
D:1:      co_arrival_random_square_maze, layout_basic
D:2:      layout_loops_ring, ebering_ecumenical_altar_petrified, uniq_natasha,
          uniq_jessica

Skill      XL: |  1  2 |
---------------+-------+-----
Spellcasting   | 5 |  5.0
Fighting       | |  4.5
Short Blades   | |  0.7
Long Blades    | |  0.7
Axes           | |  0.7
Maces & Flails | |  0.7
Polearms       | |  4.5
Staves         | |  0.7
Ranged Weapons | |  0.7
Throwing       | |  2.6
Armour         | |  2.6
Dodging        | |  4.5
Stealth        | |  0.7
Shields        | |  0.7
Unarmed Combat | |  0.7
Conjurations   | |  0.5
Hexes          | |  0.5
Summonings     | |  0.5
Necromancy     | |  0.5
Translocations | |  5.4
Transmutations | |  0.5
Fire Magic     | |  0.5
Ice Magic      | |  0.5
Air Magic      | |  0.5
Earth Magic    | |  0.5
Poison Magic   | |  0.5
Invocations    | |  0.9
Evocations     | |  0.7

Action                   || total
-------------------------++-------
Melee: Spear             ||    52
       Bite              ||     6
 Fire: Sling             ||    48
Throw: Boomerang         ||     7
       Javelin           ||     5
Armor: Scale mail        ||    21
       Fire dragon scale ||    15
Dodge: Dodged            ||    36

Table legend: (Time is in decaauts)
 A = Elapsed time spent in this place.
 B = Non-inter-level travel time spent in this place.
 C = Inter-level travel time spent in this place.
 D = Time resting spent in this place.
 E = Time spent auto-exploring this place.
 F = Levels seen in this place.
 G = Mean time per level.
                   A        B        C        D        E       F      G
               +--------+--------+--------+--------+--------+-----+--------+
         Total |   1623 |   1593 |     30 |    348 |    890 |   2 |  811.5 |
       Dungeon |   1623 |   1593 |     30 |    348 |    890 |   2 |  811.5 |
               +--------+--------+--------+--------+--------+-----+--------+

Top non-repeatable levels by time:
     D:1: 1154 daAuts
     D:2: 469 daAuts
